 Dungeon Crawl Stone Soup version 0.22-a0-412-g2b68d14 (webtiles) character file.

189 Borgoz the Skirmisher (level 5, 0/33 HPs)
             Began as a Gargoyle Abyssal Knight on May 12, 2018.
             Was a Follower of Lugonu.
             Killed by nerve-wracking pain
             ... invoked by Grinder
              (3 damage)
             ... while paralysed by Grinder
             ... on level 3 of the Dungeon.
             The game lasted 00:03:37 (2229 turns).

Borgoz the Skirmisher (Gargoyle Abyssal Knight)     Turns: 2229, Time: 00:03:38

Health: 0/33       AC: 15    Str: 15    XL:     5   Next: 68%
Magic:  6/6        EV:  2    Int: 13    God:    Lugonu [*.....]
Gold:   75         SH:  0    Dex: 10    Spells: 4/4 levels left

rFire    + . .     SeeInvis .   a - +1 hand axe
rCold    . . .     Gourm    .   (no shield)
rNeg     + + .     Faith    .   o - +0 plate armour {rF+}
rPois    ∞         Spirit   .   (no helmet)
rElec    +         Reflect  +   (no cloak)
rCorr    .         Harm     .   (no gloves)
MR       .....                  (no boots)
Stlth    ..........             b - +4 amulet of reflection
HPRegen  0.11/turn              i - ring of positive energy
MPRegen  0.10/turn              (no ring)

@: paralysed, hasted
A: negative energy resistance 1, electricity resistance, unbreathing,
petrification resistance, rot immunity, AC +4
a: Depart the Abyss, Renounce Religion


You were on level 3 of the Dungeon.
You worshipped Lugonu.
Lugonu was aware of your devotion.
You were hungry.

You visited 1 branch of the dungeon, and saw 3 of its levels.
You visited the Abyss 1 time.

You collected 75 gold pieces.

Inventory:

Hand Weapons
 a - a +1 hand axe (weapon)
Armour
 f - a +0 crystal plate armour
 o - a +0 plate armour of fire resistance (worn)
Jewellery
 b - a +4 amulet of reflection (around neck)
 i - a ring of positive energy (left hand)
Scrolls
 e - 2 scrolls of remove curse {unknown}
 k - a scroll of teleportation {unknown}
 l - a scroll of enchant weapon {unknown}
 m - a scroll of enchant armour {unknown}
 p - a scroll of fear {unknown}
 q - a scroll of immolation {unknown}
 t - a scroll of identify {unknown}
Potions
 d - a potion of resistance {unknown}
 g - a potion of haste
 h - 2 potions of curing {unknown}
 j - a potion of magic {unknown}
 n - a potion of agility {unknown}
 s - a potion of heal wounds {unknown}
Comestibles
 c - 4 rations


   Skills:
 + Level 4.3 Fighting
 + Level 3.2 Axes
 + Level 4.1 Armour
 + Level 1.0 Dodging
 + Level 0.2 Stealth
 + Level 2.3 Invocations


You had 4 spell levels left.
You didn't know any spells.
Your spell library was empty.

Dungeon Overview and Level Annotations

Branches:
Dungeon (3/15)

Altars:
Fedhas

Annotations:
D:3 Grinder


Innate Abilities, Weirdness & Mutations

You are resistant to torment.
Your stone body is resilient. (AC +4)
You are immune to poison.
You resist negative energy. (rN+)
You are resistant to electric shocks. (rElec)
You can survive without breathing.
You are immune to petrification.
You are immune to rotting.


Message History

Grinder is severely wounded.
Grinder hits you.
* * * LOW HITPOINT WARNING * * *
You hit Grinder.
Grinder is severely wounded.
Grinder hits you but does no damage. x2
Your plate armour prevents you from hitting Grinder.
Grinder is severely wounded.
Grinder barely misses you.
You slash Grinder!
Grinder is almost dead.
Grinder blinks!
It was a potion of haste.
You feel yourself speed up. Grinder gestures at you.
You suddenly lose the ability to move!
Grinder gestures at you. You resist with significant effort.
Grinder gestures at you. Pain shoots through your body!
You die...

##### #########
#.... #.......#
#.... #.......##
#....##.........
#.......@..#
#........(.#
#....(.....#
#.........?#.
+.........5....
#......#......#
##....####++###
#....#♣♣♣..♣♣♣
####.#♣≈≈..≈≈♣


You could see Grinder.

Vanquished Creatures
  A sky beast (D:3)
  An orc priest (D:3)
  3 adders (D:3)
  2 oozes (D:1)
  A dart slug (D:3)
  4 orcs (D:3)
  2 bats (D:2)
  A giant cockroach (D:2)
  4 goblins
  6 hobgoblins
  5 jackals
  8 kobolds
  A rat (D:1)
39 creatures vanquished.

Notes
Turn   | Place    | Note
-------+----------+-------------------------------------------
     0 | Abyss:1  | Borgoz the Gargoyle Abyssal Knight began the quest for the Orb.
     0 | Abyss:1  | Reached XP level 1. HP: 14/14 MP: 2/2
   113 | Abyss:2  | Noticed a chaos spawn
   116 | D:1      | Escaped the Abyss
   250 | D:1      | Reached XP level 2. HP: 19/19 MP: 3/3
   501 | D:1      | Reached * piety under Lugonu
   856 | D:2      | Reached XP level 3. HP: 24/24 MP: 4/4
  1030 | D:2      | Found a blossoming altar of Fedhas.
  1497 | D:2      | Reached skill level 1 in Dodging
  1675 | D:3      | Reached XP level 4. HP: 5/29 MP: 5/5
  1967 | D:3      | Noticed a sky beast
  1999 | D:3      | Killed a sky beast
  1999 | D:3      | Reached XP level 5. HP: 14/33 MP: 6/6
  2176 | D:3      | Noticed Grinder
  2179 | D:3      | Paralysed by Grinder for 7 turns
  2195 | D:3      | Paralysed by Grinder for 7 turns
  2207 | D:3      | Paralysed by Grinder for 2 turns
  2227 | D:3      | Paralysed by Grinder for 5 turns
  2229 | D:3      | Killed from afar by Grinder

Vault maps used:
D:1:      dpeg_arrival_morbid_curiosity
D:2:      old_standard_altar
D:3:      kennysheep_generic_room_5, uniq_grinder
Abyss:1:  minivault_11
Abyss:2:  abyss_exit_lava

Skill      XL: |  1  2  3  4 |
---------------+-------------+-----
Axes           | 2 3 |  3.2
Dodging        | 1 |  1.0
Fighting       | 4 |  4.3
Armour         | 3 4 |  4.1
Stealth        | |  0.2
Invocations    | |  2.3

Action                   |  1- 3 |  4- 6 || total
-------------------------+-------+-------++-------
Melee: Hand axe          |   144 |    70 ||   214
Invok: Depart the Abyss  |     1 |       ||     1
  Use: Potion            |       |     1 ||     1
  Eat: Chunk             |     2 |     2 ||     4
Armor: Crystal plate arm |    84 |       ||    84
       Plate armour      |    73 |    61 ||   134
Dodge: Dodged            |    20 |    12 ||    32
Block: Other             |    42 |    15 ||    57
       Reflection        |     5 |       ||     5

Table legend:
 A = Spawn XP
 B = Non-spawn XP
 C = Spawn XP percentage of total XP
 D = Spawn monster count
 E = Non-spawn monster count
 F = Spawn count percentage of total count
 G = Total turns spent on level
                    A         B        C        D         E        F      G
               +---------+---------+-------+---------+---------+-------+---------
         Total |       0 |     271 |   0.0 |       0 |      39 |   0.0 |  2229
               +---------+---------+-------+---------+---------+-------+---------
           D:1 |       0 |      33 |   0.0 |       0 |      15 |   0.0 |   768
           D:2 |       0 |      26 |   0.0 |       0 |      14 |   0.0 |   748
           D:3 |       0 |     212 |   0.0 |       0 |      10 |   0.0 |   597
               +---------+---------+-------+---------+---------+-------+---------
